 Dungeon Crawl Stone Soup version 0.24.1-8-ga250c9d538 (webtiles) character file.

Game seed: 16773576751435846026, levelgen mode: deterministic

2363 Descartes the Magician (level 9, 0/45 HPs)
             Began as a Deep Elf Air Elementalist on May 3, 2020.
             Slain by a bullfrog (3 damage)
             ... on level 7 of the Dungeon on May 4, 2020.
             The game lasted 00:23:16 (8959 turns).

Descartes the Magician (Deep Elf Air Elementalist)  Turns: 8959, Time: 00:23:16

Health: 0/45       AC:  7    Str: 11    XL:     9   Next: 21%
Magic:  3/21       EV: 14    Int: 24    God:
Gold:   519        SH:  0    Dex: 15    Spells: 14/22 levels left

rFire    + . .     SeeInvis .   M - +4 quarterstaff (chaos)
rCold    . . .     Gourm    .   (shield currently unavailable)
rNeg     . . .     Faith    .   E - +2 robe {MR+}
rPois    .         Spirit   .   r - +0 helmet
rElec    .         Reflect  .   d - +0 cloak
rCorr    .         Harm     .   y - +0 pair of gloves
MR       +....                  (no boots)
Stlth    ++++......             I - amulet of inaccuracy
HPRegen  0.15/turn              w - +6 ring of strength
MPRegen  0.17/turn              J - ring of protection from fire

@: no status effects
A: no striking features
a: no special abilities


You were on level 7 of the Dungeon.
You were hungry.

You visited 1 branch of the dungeon, and saw 8 of its levels.

You collected 519 gold pieces.

Inventory:

Hand Weapons
 h - a +2 dagger of electrocution
 M - a +4 quarterstaff of chaos (weapon)
Missiles
 i - 216 stones (quivered)
 n - 79 arrows
 B - 19 poisoned darts
Armour
 d - a +0 cloak (worn)
 q - a +2 leather armour of poison resistance
 r - a +0 helmet (worn)
 s - a +0 helmet
 y - a +0 pair of gloves (worn)
 A - a +0 shield
 E - a +2 robe of magic resistance (worn)
 N - a +1 large shield
 O - a +0 cloak
Magical Staves
 Q - an uncursed staff of death {unknown}
Jewellery
 k - an uncursed ring of protection from fire
 w - a +6 ring of strength (left hand)
 I - an amulet of inaccuracy (around neck)
 J - a ring of protection from fire (right hand)
 P - the ring of Plog {rN+ MR+ MP+9 Int+2, unknown}
   (You found it on level 8 of the Dungeon)

   [ring of magical power]

   It affects your intelligence (+2).
   It protects you from negative energy.
   It affects your resistance to hostile enchantments.
   It affects your magic capacity (+9).
Wands
 o - a wand of random effects (30)
 z - a wand of scattershot (6)
 R - a wand of acid (3)
Scrolls
 a - 2 scrolls of fog {unknown}
 b - 4 scrolls of immolation
 g - 2 scrolls of remove curse
 t - a scroll of fear {unknown}
 u - 2 scrolls of enchant armour
 C - 8 scrolls of identify
 D - a scroll of amnesia
 F - a scroll of enchant weapon
 G - a scroll of noise
 H - a scroll of magic mapping {unknown}
 K - a scroll of blinking {unknown}
 L - a scroll of brand weapon {unknown}
Potions
 e - a potion of agility
 f - a potion of might {unknown}
 j - a potion of magic {unknown}
 l - a potion of berserk rage {unknown}
 p - 2 potions of ambrosia {unknown}
 v - a potion of lignification {unknown}
 x - 3 potions of curing
Comestibles
 c - 10 rations
 m - 10 chunks of flesh


   Skills:
 - Level 0.2 Armour
 - Level 4.1 Dodging
 + Level 7.0 Stealth
 * Level 5.3 Shields
 + Level 7.2 Spellcasting
 + Level 5.3 Conjurations
 + Level 5.8 Air Magic


You had 14 spell levels left.
You knew the following spells:

 Your Spells              Type           Power        Failure   Level  Hunger
a - Shock                 Conj/Air       ####         1%          1    None
b - Airstrike             Air            #####.....   6%          4    ###....
c - Static Discharge      Conj/Air       #####...     1%          3    None

Your spell library contained the following spells:

 Spells                   Type           Power        Failure   Level  Hunger
 Swiftness                Chrm/Air       ###.....     3%          2    None
 Lightning Bolt           Conj/Air       #####.....   19%         5    #####..


Dungeon Overview and Level Annotations

Branches:
Dungeon (8/15)
 Temple: D:4-7         Lair: D:8-11

Altars:
Cheibriados
Elyvilon
Okawaru
Ru
Uskayaw
The Shining One

Shops:
D:8 *


Message History

The zap misses the bullfrog.
The bullfrog hits you.
* * * LOW HITPOINT WARNING * * *
The bullfrog closely misses you.
Casting: Shock (safe; 1% risk of failure)
Confirm with . or Enter, or press ? or * to list all spells.
Aiming: Shock (safe; 1% risk of failure)
Press: ? - help, Shift-Dir - straight line, f/p - bullfrog
Aim: a bullfrog (lightly wounded)
The zap misses the bullfrog.
The bullfrog hits you but does no damage.
Casting: Shock (safe; 1% risk of failure)
Confirm with . or Enter, or press ? or * to list all spells.
Aiming: Shock (safe; 1% risk of failure)
Press: ? - help, Shift-Dir - straight line, f/p - bullfrog
Aim: a bullfrog (lightly wounded)
The zap misses the bullfrog.
The bullfrog hits you.
* * * LOW HITPOINT WARNING * * *
The bullfrog misses you. The bullfrog hits you.
You die...

.##.##.##.# #.#
##.## ##
......)).<#
####.. .#
.##.##.####
#...... # ## #.#
#.####..# ..#
#.####..# ...#
######.#.. ..#
.##.#
#......#.##..#.##
#. #.#
#......#.#......#
# #.#
#.....@F.>†......
#.....####...#.##
#.?... #..#
###### .... .###
.# #


You could see a bullfrog.

Vanquished Creatures
  A two-headed ogre (D:8)
  An orc warrior (D:5)
  An ogre (D:8)
  An ice beast (D:7)
  A sky beast (D:5)
  A phantom (D:5)
  2 bullfrogs
  3 scorpions
  A howler monkey (D:5)
  An electric eel (D:6)
  2 crimson imps
  A jelly (D:5)
  A centaur skeleton (D:5)
  Crazy Yiuf (D:5)
  6 orc priests
  An iguana (D:6)
  4 orc wizards
  7 worker ants
  A worker ant zombie (D:3)
  Robin (D:2)
  7 adders
  4 gnolls (D:7)
  A shadow imp (D:5)
  5 worms
  3 dart slugs
  8 leopard geckos
  14 orcs
  8 giant cockroaches
  18 goblins
  13 hobgoblins
  9 jackals
  5 kobolds
  3 quokkas
  2 ball pythons
  9 bats
  A frilled lizard (D:2)
  3 leopard gecko skeletons
  6 rats
  A fungus (D:5)
158 creatures vanquished.

Notes
Turn   | Place    | Note
-------+----------+-------------------------------------------
     0 | D:1      | Descartes the Deep Elf Air Elementalist began the quest for
                  | the Orb.
     0 | D:1      | Reached XP level 1. HP: 10/10 MP: 6/6
   254 | D:1      | Reached XP level 2. HP: 15/15 MP: 4/8
  1191 | D:2      | Reached XP level 3. HP: 7/19 MP: 0/9
  1504 | D:2      | Found a snail-covered altar of Cheibriados.
  1819 | D:2      | Reached XP level 4. HP: 24/24 MP: 3/11
  1971 | D:2      | Found a glowing golden altar of the Shining One.
  2074 | D:2      | Noticed Robin
  2101 | D:2      | Killed Robin
  2584 | D:2      | Found a sacrificial altar of Ru.
  3133 | D:3      | Reached XP level 5. HP: 28/28 MP: 9/13
  4391 | D:4      | Reached skill level 1 in Shields
  4392 | D:4      | Reached XP level 6. HP: 12/32 MP: 4/14
  5180 | D:5      | Entered Level 5 of the Dungeon
  5705 | D:5      | Noticed a sky beast
  5712 | D:5      | Learned a level 4 spell: Airstrike
  5716 | D:5      | Learned a level 3 spell: Static Discharge
  5787 | D:5      | Killed a sky beast
  5787 | D:5      | Reached skill level 5 in Spellcasting
  5787 | D:5      | Reached XP level 7. HP: 36/36 MP: 4/16
  6460 | D:5      | Reached skill level 5 in Stealth
  6914 | D:5      | Found a runed translucent door.
  6916 | D:5      | Noticed Crazy Yiuf
  6951 | D:5      | Killed Crazy Yiuf
  7338 | D:5      | HP: 1/36 [orc warrior/+0 hand axe (8)]
  7472 | D:6      | Found a hide-covered altar of Uskayaw.
  7548 | D:6      | Reached XP level 8. HP: 41/41 MP: 12/18
  8367 | D:7      | Found a white marble altar of Elyvilon.
  8370 | D:7      | Reached skill level 5 in Air Magic
  8705 | D:7      | Found an iron altar of Okawaru.
  8799 | D:7      | You fall into a shaft and drop 1 floor!
  8799 | D:8      | Found Buidom's Assorted Antiques.
  8801 | D:8      | Noticed a two-headed ogre
  8834 | D:8      | Got a pitted platinum ring
  8858 | D:8      | Killed a two-headed ogre
  8858 | D:8      | Reached skill level 5 in Shields
  8858 | D:8      | Reached skill level 5 in Conjurations
  8858 | D:8      | Reached XP level 9. HP: 36/45 MP: 1/21
  8959 | D:7      | Slain by a bullfrog

Levels and vault maps discovered:
D:1:      shiori_arrival_maze, layout_loops_cross
D:2:      wad_crossroads, layout_basic, tso_altar, cheibriados_altar_1,
          nicolae_ru_the_path_less_chosen, uniq_robin
D:3:      layout_basic, serial_forest, infiniplex_forest_lined_2,
          infiniplex_forest_lined_3, infiniplex_forest_lined_2,
          infiniplex_forest_clump_curved, infiniplex_forest_clump_curved,
          infiniplex_forest_corner_1, infiniplex_forest_clump_tiny,
          infiniplex_forest_fountain
D:4:      layout_rooms
D:5:      layout_basic, first_ration, st_stairs_12, uniq_crazy_yiuf_cottage
D:6:      layout_loops_ring, lemuel_coloured_pillars_altar, serial_bayou_pond_b,
          minmay_misc_feat_rows
D:7:      layout_loops_cross, elyvilon_altar_5, okawaru_trees_2,
          kennysheep_vampire_church, minmay_temple_entry_grid, grunt_ogre_cave
D:8:      layout_cave_pools, lemuel_round_altar, fedhas_ov_isle_minmay,
          gammafunk_ghost_cemetery, serial_shops, shop,
          nicolae_ossuary_entry_catacombs, minmay_checkerbox, uniq_erica

Skill      XL: |  1  2  3  4  5  6  7  8  9 |
---------------+----------------------------+-----
Stealth        | 3 4 5 6 7 |  7.0
Dodging        | 3 4 |  4.1
Conjurations   | 2 3 4 5 |  5.3
Spellcasting   | 4 5 7 |  7.2
Shields        | 1 2 3 5 |  5.3
Air Magic      | 4 5 |  5.8
Armour         | |  0.2

Action                   |  1- 3 |  4- 6 |  7- 9 || total
-------------------------+-------+-------+-------++-------
Melee: Quarterstaff      |       |       |    52 ||    52
       Dagger            |       |       |    12 ||    12
 Cast: Shock             |    83 |   174 |   129 ||   386
       Airstrike         |       |     1 |    23 ||    24
  Use: Scroll            |       |     2 |     5 ||     7
       Potion            |       |       |     2 ||     2
 Stab: Petrified         |       |       |     5 ||     5
  Eat: Chunk             |     2 |    11 |     7 ||    20
       Ration            |       |     1 |     1 ||     2
Armor: Robe              |     2 |     6 |    35 ||    43
       Leather armour    |     3 |     2 |       ||     5
Dodge: Dodged            |    13 |    19 |    87 ||   119
